 Dungeon Crawl Stone Soup version 0.26.1-11-gd32895ea62 (webtiles) character file.

Game seed: 5424182755207133148

228 Zeld the Sneak (level 5, 0/25 HPs)
             Began as a Spriggan Brigand on June 3, 2021.
             Was an Initiate of Fedhas.
             Slain by a gnoll
             ... wielding a +0 spear
              (8 damage)
             ... on level 4 of the Dungeon.
             The game lasted 00:05:54 (6374 turns).

Zeld the Sneak (Spriggan Brigand)                   Turns: 6374, Time: 00:05:54

Health: 0/25       AC:  5    Str:  7    XL:     5   Next: 70%
Magic:  6/6        EV: 17    Int: 13    God:    Fedhas [......]
Gold:   249        SH:  0    Dex: 18    Spells: 4/4 levels left

rFire    . . .     SeeInvis +   a - +2 dagger
rCold    . . .     Faith    .   (shield restricted)
rNeg     . . .     Spirit   .   b - +0 robe
rPois    .         Reflect  .   o - +2 hat
rElec    .         Harm     .   c - +0 cloak
rCorr    .         Rampage  .   (gloves unavailable)
Will     .....                  (boots unavailable)
Stlth    +++.......             (no amulet)
HPRegen  0.08/turn              (no ring)
MPRegen  0.10/turn              (no ring)

@: very quick
A: very small, unfitting armour, see invisible, speed 3
a: Renounce Religion


You were on level 4 of the Dungeon.
You worshipped Fedhas.
Fedhas was noncommittal.
You visited 1 branch of the dungeon, and saw 5 of its levels.

You collected 249 gold pieces.

Inventory:

Hand Weapons
 a - a +2 dagger (weapon)
Missiles
 d - 8 poisoned darts (quivered)
 e - 2 curare-tipped darts
Armour
 b - a +0 robe (worn)
 c - a +0 cloak (worn)
 o - a +2 hat (worn)
Jewellery
 n - an uncursed ring of resist corrosion {unknown}
Scrolls
 g - 3 scrolls of teleportation {unknown}
 h - 2 scrolls of blinking {unknown}
 i - a scroll of amnesia {unknown}
 j - 3 scrolls of fog {unknown}
 k - a scroll of immolation {unknown}
 l - 8 scrolls of identify {unknown}
 m - a scroll of magic mapping {unknown}
Potions
 f - a potion of might {unknown}
 p - a potion of degeneration {unknown}
 q - a potion of ambrosia {unknown}


   Skills:
 - Level 1.5 Fighting
 * Level 4.9 Short Blades
 * Level 4.4 Throwing
 - Level 1.5 Dodging
 - Level 5.8 Stealth


You had 4 spell levels left.
You didn't know any spells.
Your spell library was empty.

Dungeon Overview and Level Annotations

Branches:
Dungeon (5/15)
 Temple: D:4-7

Altars:
Cheibriados
Dithmenos
Fedhas
Gozag
Okawaru
Qazlal
Sif Muna
Uskayaw

Annotations:
D:4 2 transporters


Innate Abilities, Weirdness & Mutations

You are very small and have problems with some larger weapons.
You are too small for most types of armour.
You have supernaturally acute eyesight. (SInv)
You cover ground extremely quickly.


Message History

A hound comes into view.
The gnoll shouts!
You hit the gnoll.
The gnoll is moderately wounded.
The gnoll hits you with a +0 spear! The gnoll closely misses you.
The gnoll closely misses you. The gnoll hits you but does no damage.
You climb upwards.
Level annotation: 2 transporters
There is a stone staircase leading down here.
You hit the gnoll.
The gnoll is lightly wounded.
The gnoll closely misses you.
The gnoll hits you from afar with a +0 spear!
The gnoll hits you.
* * * LOW HITPOINT WARNING * * *
You hit the gnoll.
The gnoll is moderately wounded.
The gnoll hits you from afar with a +0 spear!
You die...
Fedhas appreciates your contribution to the ecosystem.

#.#.##.......##.# ###..!.####
##.#..#########..# ####...##
#..##...).......## ###.#.
#.######.####.#### #...
##.######.# #....# ###.
.....##...# ####.# #) ......#.###
#..# #. ........# #g## ####.
.......## #@# ######...< ....<..#
#g# #......#.# .......# #g#
#[#####...
.......#########.#######.#######.
...............#............###§.
.......#######....######.##.##§..
.......## ###.## #..#..#§§.†
........#### #.######.##...§...
...........#####........##....§.§


You could see 3 gnolls.

Vanquished Creatures
  A hound (D:4)
  A worker ant (D:4)
  10 adders
  2 worms
  A dart slug (D:1)
  2 leopard geckos (D:3)
  3 orcs
  4 giant cockroaches
  5 hobgoblins
  13 jackals
  2 quokkas (D:3)
  3 ball pythons (D:4)
  4 bats
  3 frilled lizards
  7 goblins
  7 kobolds
  7 rats
75 creatures vanquished.

Notes
Turn   | Place    | Note
-------+----------+-------------------------------------------
     0 | D:1      | Zeld the Spriggan Brigand began the quest for the Orb.
     0 | D:1      | Reached XP level 1. HP: 10/10 MP: 2/2
   831 | D:1      | Reached XP level 2. HP: 10/14 MP: 3/3
  1697 | D:2      | Reached XP level 3. HP: 12/18 MP: 4/4
  2729 | D:2      | Reached XP level 4. HP: 14/22 MP: 5/5
  5083 | D:4      | Found a shadowy altar of Dithmenos.
  5137 | D:4      | Reached XP level 5. HP: 25/25 MP: 6/6
  5166 | D:4      | Found a stormy altar of Qazlal.
  5166 | D:4      | Found a blossoming altar of Fedhas.
  5281 | D:4      | Became a worshipper of Fedhas Madash
  5932 | D:4      | Found a transporter.
  5942 | D:4      | Found a snail-covered altar of Cheibriados.
  5991 | D:4      | Found a transporter.
  6003 | D:4      | Noticed an ogre
  6005 | D:4      | Found an iron altar of Okawaru.
  6005 | D:4      | Found a hide-covered altar of Uskayaw.
  6005 | D:4      | Found an opulent altar of Gozag.
  6171 | D:4      | Found a shimmering blue altar of Sif Muna.
  6368 | D:5      | Entered Level 5 of the Dungeon
  6374 | D:4      | Slain by a gnoll

Illustrated notes

Levels and vault maps discovered:
D:1:      evilmike_arrival_crescent, layout_loops_cross
D:2:      wander_river, layout_rooms, bh_walls_and_bars
D:3:      minmay_diamond_boxcup, layout_basic
D:4:      layout_rooms, grunt_temple_overflow_forces_of_nature,
          nicolae_dithmenos_the_darkroom, lemuel_blue_sif_altar,
          gammafunk_temple_overflow_arena, lemuel_doored_altar
D:5:      kennysheep_windowed_halls, layout_rooms, evilmike_ruin_ashenzari,
          minmay_temple_entry_hall, uniq_blork_the_orc

Skill      XL: |  1  2  3  4  5 |
---------------+----------------+-----
Short Blades   | 3 4 |  4.9
Throwing       | 3 4 |  4.4
Fighting       | |  1.5
Dodging        | |  1.5
Stealth        | |  5.8

Action                   |  1- 3 |  4- 6 || total
-------------------------+-------+-------++-------
Melee: Dagger            |   187 |   167 ||   354
  Use: Potion            |       |     1 ||     1
 Stab: Sleeping          |     7 |    19 ||    26
       Distracted        |       |     1 ||     1
Armor: Robe              |    28 |    24 ||    52
       Skin              |       |     6 ||     6
Dodge: Dodged            |   182 |   103 ||   285
